 Dungeon Crawl Stone Soup version 0.26.0-10-g1f06aea511 (webtiles) character file.

Game seed: 1250381866175268548

117 Borgoz the Slasher (level 5, -8/45 HPs)
             Began as a Ghoul Gladiator on Jan 15, 2021.
             Mangled by a gnoll
             ... wielding a +3 halberd
              (12 damage)
             ... while paralysed by Grinder
             ... on level 3 of the Dungeon.
             The game lasted 00:02:00 (2508 turns).

Borgoz the Slasher (Ghoul Gladiator)                Turns: 2508, Time: 00:02:01

Health: -8/45      AC:  4    Str: 18    XL:     5   Next: 1%
Magic:  4/4        EV:  2    Int:  3    God:
Gold:   100        SH:  0    Dex: 11    Spells: 4/4 levels left

rFire    . . .     SeeInvis .   a - +0 long sword
rCold    + . .     Faith    .   (no shield)
rNeg     + + +     Spirit   .   b - +0 leather armour
rPois    ∞         Reflect  .   c - +0 helmet
rElec    .         Harm     .   (no cloak)
rCorr    .         Rampage  .   (no gloves)
Will     .....                  (no boots)
Stlth    +.........             h - amulet of regeneration
HPRegen  0.00/turn              (no ring)
MPRegen  0.09/turn              (no ring)

@: paralysed
A: claws 1, cold resistance 1, negative energy resistance 3, inhibited
regeneration, torment resistance, unbreathing
a: no special abilities


You were on level 3 of the Dungeon.
You visited 1 branch of the dungeon, and saw 3 of its levels.

You collected 100 gold pieces.

Inventory:

Hand Weapons
 a - a +0 long sword (weapon)
Missiles
 d - 3 throwing nets (quivered)
Armour
 b - a +0 leather armour (worn)
 c - a +0 helmet (worn)
Jewellery
 h - an amulet of regeneration (around neck)
Scrolls
 e - a scroll of blinking {unknown}
 f - 2 scrolls of identify {unknown}
 g - 2 scrolls of remove curse {unknown}
Potions
 i - a potion of resistance {unknown}


   Skills:
 + Level 3.0 Fighting
 * Level 3.6 Long Blades
 - Level 1.7 Throwing
 * Level 2.0 Armour
 + Level 3.1 Dodging


You had 4 spell levels left.
You didn't know any spells.
Your spell library contained the following spells:

 Spells                   Type           Power        Failure   Level
 Animate Skeleton         Necr           0%           58%         1
 Apportation              Tloc           0%           58%         1
 Corona                   Hex            0%           58%         1
 Summon Small Mammal      Summ           0%           58%         1


Dungeon Overview and Level Annotations

Branches:
Dungeon (3/15)

Altars:
Nemelex Xobeh

Annotations:
D:2 Jessica, Sigmund
D:3 Grinder


Innate Abilities, Weirdness & Mutations

You thrive by killing the living.
You are immune to poison.
You have sharp fingernails.
Your flesh is cold resistant. (rC+)
You are immune to negative energy. (rN+++)
You do not regenerate when monsters are visible.
You are immune to unholy pain and torment.
You can survive without breathing.


Message History

The bat hits you.
* * * LOW HITPOINT WARNING * * *
The bat hits you but does no damage. The bat barely misses you.
The bat hits you but does no damage.
Grinder says, "You look like you could use a good racking."
The bat closely misses you. The bat closely misses you.
You riposte.
You hit the bat.
You kill the bat!
Grinder says, "Tell me all your secrets, or I'll kill you."
An orc comes into view. It is wielding a +0 falchion.
The orc moves out of view.
Grinder gestures at you.
You suddenly lose the ability to move!
The gnoll hits you but does no damage. Grinder hits you.
* * * LOW HITPOINT WARNING * * *
The orc completely misses you.
The gnoll hits you from afar with a +3 halberd!
You die...

... ...........##.#.##.##. ...
................##.##. ...
................##.##.
..#######+#####.#..........##.##.
..#........# #.#..........##.##.
gg#.....†..####.#..........##.#
..#.............)..........##.#
.....####.#...g#o..........##.#
.............gg5@..........##.##.
..........#....#..###########.##.
..........#....#.^##### #.##.
..........#....#......# #.##.
..........#....#......#######.##.
..........#....#...........##.##.
...............##.#........##.##.
...........................##.#..
....................##........#.#


You could see Grinder, 3 gnolls and an orc.

Vanquished Creatures
  Natasha (D:3)
  2 gnolls (D:3)
  2 adders (D:2)
  An ooze (D:2)
  A worm (D:2)
  2 dart slugs
  2 leopard geckos
  2 bats
  8 goblins
  5 hobgoblins
  3 kobolds (D:1)
  A quokka (D:2)
  A ball python (D:2)
  5 frilled lizards
  7 rats
43 creatures vanquished.

Notes
Turn   | Place    | Note
-------+----------+-------------------------------------------
     0 | D:1      | Borgoz the Ghoul Gladiator began the quest for the Orb.
     0 | D:1      | Reached XP level 1. HP: 17/17 MP: 0/0
   163 | D:1      | Reached XP level 2. HP: 22/25 MP: 1/1
   509 | D:1      | Reached skill level 1 in Armour
  1017 | D:2      | Reached XP level 3. HP: 30/30 MP: 2/2
  1144 | D:2      | HP: 1/30 [dart slug/slug dart (3)]
  1469 | D:2      | Reached XP level 4. HP: 24/37 MP: 3/3
  1633 | D:2      | Found a sparkling altar of Nemelex Xobeh.
  1725 | D:2      | Noticed Sigmund
  1725 | D:2      | Noticed Natasha
  1728 | D:2      | Noticed Jessica
  1893 | D:3      | Killed Natasha
  2405 | D:3      | Reached XP level 5. HP: 45/45 MP: 4/4
  2486 | D:3      | Noticed Grinder
  2505 | D:3      | Paralysed by Grinder for 4 turns
  2508 | D:3      | Mangled by a gnoll

Illustrated notes

Levels and vault maps discovered:
D:1:      dpeg_arrival_three_same_balls, layout_basic, minivault_14
D:2:      layout_basic, nemelex_xobeh_ov_fountains_minmay, uniq_sigmund,
          uniq_jessica, uniq_natasha
D:3:      layout_basic, nicolae_gozag_seed_capital, uniq_grinder

Skill      XL: |  1  2  3  4 |
---------------+-------------+-----
Long Blades    | 3 |  3.6
Armour         | 1 2 |  2.0
Dodging        | 3 |  3.1
Fighting       | 3 |  3.0
Throwing       | |  1.7

Action                   |  1- 3 |  4- 6 || total
-------------------------+-------+-------++-------
Melee: Long sword        |    88 |    23 ||   111
Throw: Throwing net      |     2 |       ||     2
  Use: Potion            |       |     1 ||     1
 Stab: Held in net/web   |     1 |       ||     1
Armor: Leather armour    |    27 |     8 ||    35
Dodge: Dodged            |    66 |    38 ||   104
       Rpst.: Long sword |    18 |    14 ||    32
